 Dungeon Crawl Stone Soup version 0.19.1-1-g22dce08 (webtiles) character file.

77 esteth the Chiller (level 4, -3/30 HPs)
             Began as a Merfolk Ice Elementalist on Jan 8, 2017.
             Was an Initiate of Sif Muna.
             Slain by a goblin
             ... wielding a cursed -1 club
             ... led by Robin
              (8 damage)
             ... on level 3 of the Dungeon.
             The game lasted 00:06:09 (2492 turns).

esteth the Chiller (Merfolk Ice Elementalist)       Turns: 2492, Time: 00:06:09

Health: -3/30      AC:  6    Str:  8    XL:     4   Next: 33%
Magic:  7/7        EV:  8    Int: 15    God:    Sif Muna [......]
Gold:   139        SH:  0    Dex: 14    Spells: 1 memorised, 6 levels left

rFire  . . .     SeeInvis .     (no weapon)
rCold  . . .     Gourm    .     m - +0 scale mail (curse)
rNeg   . . .     Faith    .     (no shield)
rPois  +         Spirit   .     (no helmet)
rElec  .         Reflect  .     (no cloak)
rCorr  .         Harm     .     (no gloves)
MR     .....                    (no boots)
Stlth  +.........               (no amulet)
                                (no ring)
                                f - ring of poison resistance

@: very slightly contaminated
A: change form in water, swift swim, stealthy swim
a: Renounce Religion


You were on level 3 of the Dungeon.
You worshipped Sif Muna.
Sif Muna was noncommittal.
You were not hungry.

You visited 1 branch of the dungeon, and saw 3 of its levels.

You collected 139 gold pieces.

Inventory:

Armour
 a - a +0 robe
 m - a cursed +0 scale mail (worn)
Jewellery
 f - a ring of poison resistance (left hand)
Wands
 i - a wand of paralysis (10/24)
Scrolls
 d - 3 scrolls of identify
 n - 3 scrolls of fog
 s - a scroll of recharging
Potions
 e - a potion of brilliance
 h - 3 potions of curing {unknown}
 j - a potion of ambrosia {unknown}
 t - a potion of magic {unknown}
Books
 b - a book of Frost

   Spells                             Type                      Level
   a - Freeze                         Ice                          1
   b - Throw Frost                    Conjuration/Ice              2
   c - Ozocubu's Armour               Charms/Ice                   3
   d - Throw Icicle                   Conjuration/Ice              4
   e - Summon Ice Beast               Ice/Summoning                4
Comestibles
 c - a bread ration {@e1}
 g - a beef jerky
 k - 6 chunks of flesh {@w0}
 o - 2 meat rations {@e2}


   Skills:
 - Level 2.6 Dodging
 - Level 2.1 Stealth
 - Level 2.0 Spellcasting
   Level 0.7 Conjurations
 + Level 5.5 Ice Magic


You had 6 spell levels left.
You knew the following spells:

 Your Spells              Type           Power        Failure   Level  Hunger
a - Freeze                Ice            ###.         24%         1    #......


Dungeon Overview and Level Annotations

Branches:
Dungeon (3/15)

Altars:
Sif Muna

Annotations:
D:3 Robin


Message History

The goblins go into a battle-frenzy!
The goblin closely misses you. The goblin hits you but does no damage.
The goblin hits you with a dagger.
A goblin comes into view.
The goblin shouts!
You hear a shout!
You barely miss the goblin.
Robin flexes a bicep menacingly.
The goblin hits you with a club. x2; The goblin closely misses you.
You miss the goblin.
The goblin hits you but does no damage. x2
The goblin hits you with a dagger.
* * * LOW HITPOINT WARNING * * *
You closely miss the goblin. The goblin hits you but does no damage.
The goblin barely misses you. The goblin hits you with a club.
* * * LOW HITPOINT WARNING * * *
You closely miss the goblin. The goblin closely misses you.
The goblin hits you but does no damage.
Your scale mail prevents you from hitting the goblin.
The goblin closely misses you. The goblin barely misses you. x2
You barely miss the goblin. The goblin hits you with a club!
You die...

##'## *,,,,,* #.#
**,**** #.# *,*
##.## *,* *******
##...## *,* ,,,,,,*
#.....# *####*,*
*****,* ##...##
*ggg,,,*
*.#####.#####g#*****
#..........g@g#
#######.#######
*****### *,*,*,**
**≈≈≈≈≈≈***
*****_,,,,,,+,*
,,,,**≈≈≈≈≈≈*,*
,,*,***,*,*,*,*
,,*,*********,******


You could see Robin and 5 goblins.

Vanquished Creatures
  Terence (D:2)
  An ooze (D:3)
  2 dart slugs (D:1)
  A leopard gecko (D:1)
  6 bats
  A giant cockroach (D:1)
  4 goblins
  9 hobgoblins
  3 jackals (D:2)
  A ball python (D:2)
  3 frilled lizards (D:2)
  2 kobolds
  11 rats (D:1)
45 creatures vanquished.

Notes
Turn   | Place    | Note
-------+----------+-------------------------------------------
     0 | D:1      | esteth the Merfolk Ice Elementalist began the quest for the Orb.
     0 | D:1      | Reached XP level 1. HP: 13/13 MP: 3/3
   562 | D:1      | Reached XP level 2. HP: 19/19 MP: 1/5
   645 | D:1      | Reached skill level 4 in Ice Magic
  1270 | D:1      | Reached XP level 3. HP: 24/24 MP: 2/6
  1875 | D:2      | Found a deep blue altar of Sif Muna.
  1878 | D:2      | Became a worshipper of Sif Muna the Loreminder
  1932 | D:2      | Reached skill level 5 in Ice Magic
  1962 | D:2      | Noticed Terence
  1973 | D:2      | Killed Terence
  1973 | D:2      | Reached XP level 4. HP: 21/30 MP: 0/7
  2481 | D:3      | Noticed Robin
  2492 | D:3      | Slain by a goblin

Skill      XL: |  1  2  3 |
---------------+----------+-----
Ice Magic      | 4 5 |  5.5
Dodging        | |  2.6
Stealth        | |  2.1
Spellcasting   | |  2.0
Conjurations   | |  0.7

Action                   |  1- 3 |  4- 6 || total
-------------------------+-------+-------++-------
Melee: Unarmed           |    33 |    17 ||    50
       War axe           |     1 |       ||     1
 Cast: Freeze            |    62 |     9 ||    71
  Use: Scroll            |     4 |     6 ||    10
  Eat: Chunk             |     4 |     2 ||     6
Armor: Robe              |    28 |     1 ||    29
       Scale mail        |       |    13 ||    13
Dodge: Dodged            |    58 |    11 ||    69
